 Dungeon Crawl Stone Soup version 0.31-a0-588-g14bffd4ff3 (webtiles) character file.

Game seed: 9528899429999951363

7010 AdnanSaban the Basher (level 11, -1/67 HPs)
             Began as a Gargoyle Fighter on Aug 19, 2023.
             Was an Elder of Okawaru.
             Slain by an angel
             ... wielding a +2 whip of holy wrath
              (6 damage)
             ... on level 1 of the Abyss.
             The game lasted 00:15:32 (10510 turns).

AdnanSaban the Basher (Gargoyle Fighter)           Turns: 10510, Time: 00:15:33

Health: -1/67      AC: 24    Str: 29    XL:     11   Next: 8%
Magic:  11/11      EV: 11    Int: 10    God:    Okawaru [****..]
Gold:   526        SH: 11    Dex:  9    Spells: 10/10 levels left

rFire   . . .        G - +2 whip (drain)
rCold   . . .        c - +0 buckler
rNeg    + . .        b - +0 scale mail
rPois   ∞            i - +0 helmet
rElec   +            s - +1 cloak {rPois}
rCorr   .            J - +0 pair of gloves
SInv    .            l - +2 pair of boots
Will    .....        M - amulet of reflection Stlth
                     H - +6 ring of strength
HPRegen 0.31/turn    (no ring)
MPRegen 0.12/turn

%: reflection
@: glowing
A: sickness immunity, AC +8, negative energy resistance 1, electricity
resistance, torment resistance 1, petrification resistance
a: Renounce Religion, Heroism, Finesse


You were on level 1 of the Abyss.
You worshipped Okawaru.
Okawaru was greatly pleased with you.
You visited 2 branches of the dungeon, and saw 11 of its levels.
You visited the Abyss 1 time.
You also visited: Ossuary.

You collected 526 gold pieces.

Inventory:

Hand Weapons
 G - a +2 whip of draining (weapon)
Missiles
 a - 2 poisoned darts (quivered)
 y - 3 boomerangs
 E - 6 javelins
 O - 6 curare-tipped darts
Armour
 b - a +0 scale mail (worn)
 c - a +0 buckler (worn)
 i - a +0 helmet (worn)
 l - a +2 pair of boots (worn)
 s - a +1 cloak of poison resistance (worn)
 J - a +0 pair of gloves (worn)
Jewellery
 v - a ring of ice
 H - a +6 ring of strength (left hand)
 M - an amulet of reflection (around neck)
Wands
 P - a wand of mindburst (8)
Scrolls
 e - a scroll of poison {unknown}
 f - 5 scrolls of summoning {unknown}
 g - 6 scrolls of enchant weapon {unknown}
 h - 8 scrolls of identify {unknown}
 k - 2 scrolls of brand weapon {unknown}
 m - a scroll of enchant armour {unknown}
 n - 3 scrolls of immolation {unknown}
 p - a scroll of silence {unknown}
 q - 4 scrolls of teleportation {unknown}
 r - 2 scrolls of fog {unknown}
 t - a scroll of fear {unknown}
 x - a scroll of vulnerability {unknown}
 C - 2 scrolls of amnesia {unknown}
 F - a scroll of torment {unknown}
 K - a scroll of noise {unknown}
Potions
 d - a potion of might
 j - 3 potions of heal wounds {unknown}
 o - 2 potions of brilliance {unknown}
 u - 4 potions of haste {unknown}
 w - 5 potions of curing {unknown}
 z - a potion of enlightenment {unknown}
 A - a potion of lignification {unknown}
 B - a potion of attraction {unknown}
 D - 3 potions of cancellation {unknown}
 I - a potion of invisibility {unknown}
 L - a potion of mutation {unknown}
 N - a potion of ambrosia {unknown}


   Skills:
 + Level 7.2 Fighting
 + Level 10.2 Maces & Flails
 + Level 1.3 Throwing
 + Level 8.3 Armour
 + Level 4.3 Dodging
 + Level 1.6 Stealth
 + Level 9.2 Shields
 + Level 0.2 Invocations


You had 10 spell levels left.
You didn't know any spells.
Your spell library contained the following spells:

 Spells                   Type           Power      Damage    Failure   Level
 Necrotise                Necr           0%         1d4       63%         1
 Wereblood                Tmut           0%         N/A       77%         2
 Frozen Ramparts          Ice            0%         1d1       94%         3
 Inner Flame              Hex/Fire       0%         N/A       94%         3
 Vampiric Draining        Necr           0%         2d6       94%         3
 Petrify                  Tmut/Erth      0%         N/A       100%        4
 Agony                    Necr           0%         N/A       100%        5
 Metabolic Englaciation   Hex/Ice        0%         N/A       100%        5
 Yara's Violent Unravell  Hex/Tmut       0%         3d3       100%        5
 Eringya's Noxious Bog    Tmut/Pois      0%         4d6       100%        6
 Enfeeble                 Hex            0%         N/A       100%        7
 Sublimation of Blood     Necr           Unusable   N/A       N/A         2
 Summon Forest            Summ/Tloc      Unusable   N/A       N/A         5
 Summon Hydra             Summ           Unusable   N/A       N/A         7

Dungeon Overview and Level Annotations

Branches:
Dungeon (10/15)            Temple (1/1) D:7         Ossuary (visited)
   Lair: D:8-11         Orc: D:9-12

Altars:
Ashenzari
Cheibriados
Dithmenos
Elyvilon
Fedhas
Gozag
Hepliaklqana
Makhleb
Nemelex Xobeh
Okawaru
Qazlal
Ru
Sif Muna
Trog
Uskayaw
Vehumet
Wu Jian
Xom
Yredelemnul
Zin
The Shining One

Shops:
D:6 [   D:8 =   D:9 **=??

Annotations:
D:10 Erolcha


Innate Abilities, Weirdness & Mutations

You are immune to sickness and miasma.
Your stone body is resilient. (AC +8)
You are immune to poison.
You resist negative energy. (rN+)
You are resistant to electric shocks. (rElec)
You are resistant to unholy torment.
You are immune to petrification.


Message History

A starcursed mass splits.
The hell hog closely misses you.
An angel comes into view. It is wielding a +2 whip of holy wrath.
The angel shouts!
The angel attacks as you move away! The angel hits you but does no damage.
You block the angel's attack. The angel completely misses you.
The angel barely misses you. You block the angel's attack.
The angel hits you with a +2 whip of holy wrath.
The angel attacks as you move away!
The angel hits you with a +2 whip of holy wrath!
The angel hits you but does no damage. The angel attacks as you move away!
The angel hits you with a +2 whip of holy wrath!
You block the angel's attack. x2; The angel hits you but does no damage.
The angel attacks as you move away!
The angel hits you with a +2 whip of holy wrath!
You block the angel's attack. The angel hits you but does no damage.
The angel misses you. The angel hits you but does no damage.
The angel hits you with a +2 whip of holy wrath!
You block the angel's attack. The angel hits you but does no damage.
You block the angel's attack. x2
The angel hits you but does no damage.
The angel hits you with a +2 whip of holy wrath.
The angel attacks as you move away!
The angel hits you with a +2 whip of holy wrath.
The angel closely misses you.
The angel hits you with a +2 whip of holy wrath.
* * * LOW HITPOINT WARNING * * *
The angel hits you but does no damage. The angel attacks as you move away!
You block the angel's attack. x2
The angel attacks as you move away! The angel hits you but does no damage.
The angel closely misses you.
The angel hits you with a +2 whip of holy wrath!
* * * LOW HITPOINT WARNING * * *
The angel hits you with a +2 whip of holy wrath.
* * * LOW HITPOINT WARNING * * *
The angel attacks as you move away! The angel hits you but does no damage.
The angel hits you with a +2 whip of holy wrath.
You die...

.. . . .## #..
##.#
##########.##...
.........#...##
.........#@...##
..#####..A.....#
..##..#..#.#.#.#
..#...#..##.#.## .
..#...#..###...#.#
..#####.#..#.#....
......... ..#.#.#.
...##.##.D....##
#.## #####.....#


You could see an angel.

Vanquished Creatures
  Sonja (D:10)
  Pikel (D:8)
  An orc sorcerer (Abyss:1)
  A large abomination (Abyss:1)
  A raiju (Abyss:1)
  A shadow (D:9)
  A ynoxinul (Abyss:1)
  A vampire (D:9)
  2 wyverns
  2 wraiths
  Eustachio (D:6)
  A steam dragon (D:9)
  2 orc warriors (D:9)
  A sky beast (D:8)
  3 ogres
  2 ice beasts (D:7)
  2 centaurs
  3 phantoms
  A kobold brigand (D:7)
  A gnoll sergeant (D:7)
  A scorpion (D:6)
  3 bullfrogs
  17 wights
  A small abomination (Abyss:1)
  10 killer bees (D:8)
  2 hounds
  A jelly (D:6)
  2 gnoll boudas
  7 orc priests
  A sleepcap (D:5)
  7 orc wizards
  A mummy (Ossuary)
  22 gnolls
  6 adders
  3 shadow imps
  2 white imps
  A worm (D:2)
  25 orcs
  A spectral bat (Ossuary)
  5 ball pythons
  2 bats (D:1)
  3 endoplasms
  A giant cockroach (D:3)
  12 gnoll zombies (Ossuary)
  14 goblins
  5 hobgoblins
  7 jackals (D:3)
  3 bat simulacra (Ossuary)
  5 frilled lizards
  2 goblin simulacra (Ossuary)
  8 goblin zombies (Ossuary)
  3 hobgoblin zombies (Ossuary)
  11 kobolds
  2 kobold simulacra (Ossuary)
  2 kobold zombies (Ossuary)
  5 orc zombies (Ossuary)
  6 rats
  A rat simulacrum (Ossuary)
  3 spectral goblins (Ossuary)
  2 spectral kobolds (Ossuary)
  4 spectral rats (Ossuary)
248 creatures vanquished.

Vanquished Creatures (others)
  2 orc wizards
2 creatures vanquished.

Grand Total: 250 creatures vanquished

Notes
Turn   | Place    | Note
-------+----------+-------------------------------------------
     0 | D:1      | AdnanSaban the Gargoyle Fighter began the quest for the
                  | Orb.
     0 | D:1      | Reached XP level 1. HP: 14/14 MP: 1/1
    77 | D:1      | Reached XP level 2. HP: 16/19 MP: 2/2
   283 | D:1      | Found a faded altar of an unknown god.
   720 | D:2      | Identified the +10 rapier of Aloedal {freeze, rF+}
   949 | D:2      | Reached XP level 3. HP: 20/24 MP: 3/3
  1342 | D:3      | Reached skill level 3 in Maces & Flails
  1354 | D:3      | Reached XP level 4. HP: 29/29 MP: 4/4
  1844 | D:4      | Noticed an ogre
  1950 | D:3      | Reached XP level 5. HP: 18/33 MP: 5/5
  2129 | D:4      | Reached skill level 4 in Maces & Flails
  2215 | D:4      | Reached skill level 1 in Dodging
  2215 | D:4      | Reached XP level 6. HP: 31/38 MP: 6/6
  2804 | D:5      | Entered Level 5 of the Dungeon
  2895 | D:5      | Reached skill level 5 in Maces & Flails
  3095 | D:6      | Reached XP level 7. HP: 16/43 MP: 7/7
  3283 | D:6      | Noticed Eustachio
  3316 | D:7      | Reached skill level 5 in Armour
  3478 | D:7      | Found a staircase to the Ecumenical Temple.
  3484 | Temple   | Entered the Ecumenical Temple
  3507 | Temple   | Became a worshipper of Warmaster Okawaru
  3576 | D:7      | Found a sand-covered staircase.
  3583 | Ossuary  | Entered an ossuary
  3916 | Ossuary  | Reached skill level 6 in Maces & Flails
  3999 | D:7      | Reached skill level 5 in Shields
  3999 | D:7      | Reached XP level 8. HP: 38/48 MP: 8/8
  4288 | D:7      | Reached * piety under Okawaru
  4289 | D:7      | Reached skill level 7 in Maces & Flails
  4536 | D:7      | Reached skill level 5 in Fighting
  5044 | D:7      | Reached XP level 9. HP: 23/54 MP: 9/9
  5524 | D:6      | Reached ** piety under Okawaru
  5525 | D:6      | Reached skill level 8 in Maces & Flails
  5585 | D:5      | Reached skill level 1 in Stealth
  5820 | D:5      | Found a broken altar of Ashenzari.
  6650 | D:6      | Killed Eustachio
  6657 | D:6      | Reached skill level 9 in Maces & Flails
  6865 | D:6      | Found Olaxtil's Armour Shoppe.
  6994 | D:8      | Found Yfin's Jewellery Shop.
  7124 | D:8      | Noticed Pikel
  7141 | D:8      | Killed Pikel
  7363 | D:8      | Reached *** piety under Okawaru
  7534 | D:8      | Reached XP level 10. HP: 49/60 MP: 10/10
  8120 | D:9      | Identified the +5 trident of Extermination {flame, rPois}
  8141 | D:9      | Found Urheel's Jewellery Shoppe.
  8276 | D:9      | Found Jydghaima's General Store.
  8409 | D:9      | Reached **** piety under Okawaru
  8450 | D:9      | Found Qime's Magic Scroll Shoppe.
  8522 | D:9      | Found Emyich's Magic Scroll Shoppe.
  8705 | D:9      | Found Ymeplepp's Assorted Antiques.
  9123 | D:10     | Entered Level 10 of the Dungeon
  9137 | D:10     | Reached skill level 10 in Maces & Flails
  9308 | D:10     | Found a shimmering blue altar of Sif Muna.
  9587 | D:10     | Noticed Sonja
  9711 | D:10     | Killed Sonja
  9712 | D:10     | Reached skill level 1 in Throwing
  9725 | D:10     | Noticed Erolcha
  9897 | Abyss:1  | Cast into level 1 of the Abyss (Erolcha)
  9959 | Abyss:1  | Noticed an orc sorcerer
  9973 | Abyss:1  | Noticed a sixfirhy
  9992 | Abyss:1  | Noticed a rust devil
  9997 | Abyss:1  | Killed an orc sorcerer
 10056 | Abyss:1  | Reached ***** piety under Okawaru
 10057 | Abyss:1  | Reached XP level 11. HP: 53/67 MP: 11/11
 10073 | Abyss:1  | Noticed a large abomination
 10124 | Abyss:1  | Noticed a sun demon
 10127 | Abyss:1  | Noticed a starcursed mass
 10452 | Abyss:1  | Noticed a bone dragon
 10468 | Abyss:1  | Noticed a glowing orange brain
 10468 | Abyss:1  | Noticed a tentacled starspawn
 10470 | Abyss:1  | Noticed a hell hog
 10471 | Abyss:1  | Noticed a hell hog
 10475 | Abyss:1  | Noticed a starcursed mass
 10483 | Abyss:1  | Noticed an angel
 10510 | Abyss:1  | Slain by an angel

Illustrated notes

Levels and vault maps discovered:
D:1:      dpeg_arrival_stone_temple_mockup, layout_basic, serial_rivers,
          chequers_serial_rivers_marsh, chequers_serial_rivers_small_a,
          chequers_serial_rivers_micro_a, chequers_serial_rivers_room_a,
          shapermc_ecumenical_altar_notcrosses
D:2:      layout_loops_cross
D:3:      wander_river, layout_rooms, hex_medium
D:4:      layout_basic, minmay_ogre_servants
D:5:      layout_basic, lemuel_coloured_pillars_altar
D:6:      layout_cave_pools, serial_shops, shop, uniq_eustachio
D:7:      layout_loops_ring, minmay_temple_entry_overgrown,
          nicolae_ossuary_entry_false_entrances, serial_co_window_serial,
          co_window_of_opportunity_a, co_window_paths_a, co_window_corner_a,
          co_window_paths_a, co_window_of_opportunity_a, co_window_paths_a,
          co_window_paths_a, co_window_corner_ca, co_window_corner_b,
          co_window_corner_ca, co_window_corner_b, co_window_paths_c,
          glass_columns_b, glass_columns_a, glass_columns_a, glass_columns_b,
          due_unseen_surprise
D:8:      layout_cave_pools, serial_shops, shop_coins, patterned_corridor,
          uniq_pikel
D:9:      layout_loops_ring, serial_shops, nicolae_shop_getting_attention,
          nicolae_shop_peninsula, shop, shop, nicolae_diamond_shop,
          grunt_decor_one_mirror, grunt_ministairs_10, hangedman_glass_teeth
D:10:     layout_rooms, tgw_kikubaaqudgha, tgw_sif, nicolae_shop_vocational,
          uniq_erolcha, uniq_sonja
Temple:   hellmonk_temple_of_storms
Abyss:1:  base: D:7, minivault_1, lemuel_firewalk_3,
          hangedman_abyss_or_decor_slice

Skill      XL: |  1  2  3  4  5  6  7  8  9 10 |
---------------+-------------------------------+-----
Maces & Flails | 3 4 5 6 7 9 10 | 10.2
Armour         | 4 5 6 7 8 |  8.3
Shields        | 4 5 6 9 |  9.2
Fighting       | 4 5 6 7 |  7.2
Dodging        | 1 2 3 4 |  4.3
Stealth        | 1 |  1.6
Throwing       | 1 |  1.3
Invocations    | |  0.2

Action                     |  1- 3 |  4- 6 |  7- 9 | 10-12 || total
---------------------------+-------+-------+-------+-------++-------
  Melee: Flail             |   143 |   186 |   312 |       ||   641
         Whip              |       |       |   340 |   457 ||   797
  Throw: Boomerang         |       |       |     2 |     7 ||     9
         Dart              |       |       |       |     7 ||     7
 Invoke: Heroism           |       |       |       |     2 ||     2
 Armour: Scale mail        |    95 |   184 |   331 |   219 ||   829
  Dodge: Dodged            |    76 |    86 |   246 |   184 ||   592
  Block: Buckler           |    27 |    47 |   148 |   224 ||   446
         Reflection        |       |       |       |     1 ||     1

Table legend: (Time is in decaauts)
 A = Elapsed time spent in this place.
 B = Non-inter-level travel time spent in this place.
 C = Inter-level travel time spent in this place.
 D = Time resting spent in this place.
 E = Time spent auto-exploring this place.
 F = Levels seen in this place.
 G = Mean time per level.
                   A        B        C        D        E       F      G
               +--------+--------+--------+--------+--------+-----+--------+
         Total |  10420 |   9850 |    570 |    741 |   6357 |  13 |  801.5 |
       Dungeon |   9392 |   8836 |    556 |    568 |   6200 |  10 |  939.2 |
        Temple |     33 |     19 |     14 |      0 |      0 |   1 |   33.0 |
         Abyss |    568 |    568 |      0 |    173 |      0 |   1 |  568.0 |
       Ossuary |    426 |    426 |      0 |      0 |    157 |   1 |  426.0 |
               +--------+--------+--------+--------+--------+-----+--------+

Top non-repeatable levels by time:
     D:7: 1778 daAuts
     D:9: 1426 daAuts
     D:5: 1200 daAuts
     D:8: 830 daAuts
     D:4: 827 daAuts
     D:3: 743 daAuts
     D:1: 713 daAuts
     D:6: 690 daAuts
     D:2: 668 daAuts
 Abyss:1: 568 daAuts
    D:10: 514 daAuts
 Ossuary: 426 daAuts
  Temple: 33 daAuts
